 Dungeon Crawl Stone Soup version 0.20.0-10-g0535bb4 (webtiles) character file.

170 Naow the Magician (level 5, -1/28 HPs)
             Began as a Deep Elf Wizard on June 7, 2017.
             Killed by divine providence
             ... invoked by an orc priest
              (15 damage)
             ... on level 4 of the Dungeon.
             The game lasted 00:04:36 (3841 turns).

Naow the Magician (Deep Elf Wizard)                 Turns: 3841, Time: 00:04:37

Health: -1/28      AC:  2    Str:  4    XL:     5   Next: 25%
Magic:  10/15      EV: 13    Int: 24    God:
Gold:   179        SH:  0    Dex: 13    Spells: 3/16 levels left

rFire    + + .     SeeInvis .   (no weapon)
rCold    x . .     Gourm    .   (no shield)
rNeg     . . .     Faith    .   a - +0 robe
rPois    .         Spirit   .   b - +0 hat
rElec    .         Reflect  .   (no cloak)
rCorr    .         Harm     .   (no gloves)
MR       .....                  (no boots)
Stlth    ++........             (no amulet)
Regen    0.1/turn               i - ring of protection from fire
MPRegen  0.2/turn               q - ring of fire

@: no status effects
A: no striking features
a: no special abilities


You were on level 4 of the Dungeon.
You were not hungry.

You visited 1 branch of the dungeon, and saw 4 of its levels.

You collected 179 gold pieces.

Inventory:

Armour
 a - a +0 robe (worn)
 b - a +0 hat (worn)
Jewellery
 i - a ring of protection from fire (left hand)
 q - a ring of fire (right hand)
Scrolls
 e - 4 scrolls of identify {unknown}
 f - a scroll of magic mapping {unknown}
 g - a scroll of random uselessness {unknown}
 h - 3 scrolls of teleportation {unknown}
 j - 3 scrolls of remove curse {unknown}
 k - a scroll of enchant armour {unknown}
 l - a scroll of recharging {unknown}
 o - a scroll of blinking {unknown}
Potions
 r - 2 potions of heal wounds {unknown}
 t - a potion of magic {unknown}
Books
 c - a book of Minor Magic

   Spells                             Type                      Level
   a - Magic Dart                     Conjuration                  1
   b - Blink                          Translocation                2
   c - Call Imp                       Summoning                    2
   d - Slow                           Hexes                        2
   e - Conjure Flame                  Conjuration/Fire             3
   f - Mephitic Cloud                 Conjuration/Poison/Air       3
Comestibles
 d - 3 bread rations
 m - 5 fruits
 n - a meat ration
 p - a royal jelly


   Skills:
 - Level 2.4 Dodging
 - Level 2.4 Stealth
 + Level 6.3 Spellcasting
 + Level 4.2 Conjurations
 - Level 1.1 Summonings
 - Level 1.1 Translocations


You had 3 spell levels left.
You knew the following spells:

 Your Spells              Type           Power        Failure   Level  Hunger
a - Magic Dart            Conj           ####         1%          1    None
b - Blink                 Tloc           N/A          8%          2    None
c - Conjure Flame         Conj/Fire      ####....     10%         3    None
d - Mephitic Cloud        Conj/Pois/Air  ##......     13%         3    None
e - Slow                  Hex            #.......     12%         2    None
f - Call Imp              Summ           ##......     8%          2    None


Dungeon Overview and Level Annotations

Branches:
Dungeon (4/15)
 Temple: D:4-7

Altars:
Gozag
Makhleb

Annotations:
D:1 Terence
D:4 matyilona's ghost, amateur BaFi


Message History

The orc wizard is engulfed in noxious fumes.
The orc wizard gestures at you while chanting.
The magic dart hits you!
The orc wizard is engulfed in noxious fumes.
The orc wizard appears confused.
The orc wizard barely misses itself.
You barely miss the orc wizard.
The orc wizard is moderately wounded.
The orc wizard is engulfed in noxious fumes.
The orc wizard appears confused.
Casting: Mephitic Cloud
Confirm with . or Enter, or press ? or * to list all spells.
Aiming: Magic Dart
Press: ? - help, Shift-Dir - straight line, f - orc wizard
Aim: an orc wizard, wielding a dagger and wearing a runed robe (moderately wounded, confused)
The magic dart hits the orc wizard.
The orc wizard is severely wounded.
The orc priest mumbles some strange prayers to Beogh against you.
Beogh smites you!
Ouch! That really hurt!
You die...

#.# ## #. .## ..#
##.###### ##..##...#
##...##...#########
#..@(..#..........##
##.§###.##......##..#
..###o§
#..######..##.#
..###§. ##.####
##....< #..##oo
......####... #.o#o.#
.## #........ #.oo.#
.. ######.#. #...#
### ##.(## #..###..##


You could see 2 orc priests, 3 orc wizards and 2 orcs.

Vanquished Creatures
  9 adders
  An ooze (D:4)
  2 worms (D:2)
  3 dart slugs
  3 leopard geckos
  2 orcs (D:3)
  4 bats
  4 giant cockroaches
  9 goblins
  7 hobgoblins
  5 jackals
  A quokka (D:2)
  A ball python (D:3)
  7 frilled lizards
  6 kobolds
  8 rats
72 creatures vanquished.

Notes
Turn   | Place    | Note
-------+----------+-------------------------------------------
     0 | D:1      | Naow the Deep Elf Wizard began the quest for the Orb.
     0 | D:1      | Reached XP level 1. HP: 10/10 MP: 7/7
   230 | D:1      | Reached XP level 2. HP: 15/15 MP: 5/9
   420 | D:2      | Reached skill level 5 in Spellcasting
   842 | D:2      | Reached XP level 3. HP: 8/19 MP: 2/11
  1013 | D:2      | Noticed Terence
  1794 | D:2      | Reached XP level 4. HP: 24/24 MP: 9/13
  2852 | D:3      | You fall through a shaft!
  2876 | D:4      | Noticed matyilona's ghost (amateur BaFi)
  2973 | D:3      | Found a burning altar of Makhleb.
  2995 | D:3      | Reached skill level 6 in Spellcasting
  3080 | D:3      | Learned a level 2 spell: Blink
  3084 | D:3      | Learned a level 3 spell: Conjure Flame
  3088 | D:3      | Learned a level 3 spell: Mephitic Cloud
  3091 | D:3      | Learned a level 2 spell: Slow
  3094 | D:3      | Learned a level 2 spell: Call Imp
  3238 | D:3      | Found an opulent altar of Gozag.
  3302 | D:3      | Reached XP level 5. HP: 28/28 MP: 11/15
  3841 | D:4      | Killed from afar by an orc priest

Skill      XL: |  1  2  3  4 |
---------------+-------------+-----
Spellcasting   | 5 6 |  6.3
Conjurations   | 2 3 4 |  4.2
Dodging        | |  2.4
Stealth        | |  2.4
Summonings     | |  1.1
Translocations | |  1.1

Action                   |  1- 3 |  4- 6 || total
-------------------------+-------+-------++-------
Melee: Unarmed           |     4 |     2 ||     6
 Cast: Magic Dart        |   115 |    86 ||   201
       Mephitic Cloud    |       |     1 ||     1
       Blink             |       |     1 ||     1
  Eat: Chunk             |     2 |     7 ||     9
Armor: Robe              |     7 |     1 ||     8
Dodge: Dodged            |    10 |    11 ||    21
